TOP OF THE 1ST |
Santa Monica Bruins batting - Pitching for Las Vegas Stars : LHP Carlos Castillo
|
Pitching: LHP Carlos Castillo
|
|
Batting: LHB Francisco Medina
|
0-0: Ball 1-0: Foul Ball, location: 2F 1-1: SINGLE (Groundball, 34) (infield hit)
|
Batting: RHB Roberto Cruz
|
0-0: Called Strike 0-1: Swinging Strike 0-2: Ball 1-2: Ball 2-2: Strikes out looking
|
Batting: RHB Alfredo López
|
0-0: Called Strike 0-1: Ball Francisco Medina is caught stealing 2nd base 1-1: Swinging Strike 1-2: Ball 2-2: Ball 3-2: Foul Ball, location: 2F 3-2: Strikes out swinging
|
Top of the 1st over - 0 run(s), 1 hit(s), 0 error(s), 0 left on base; Santa Monica 0 - Las Vegas 0 |
BOTTOM OF THE 1ST |
Las Vegas Stars batting - Pitching for Santa Monica Bruins : RHP Craig Lewis
|
Pitching: RHP Craig Lewis
|
|
Batting: SHB Júlio Salazar
|
0-0: Fly out, F8 (Flyball, 8RD)
|
Batting: RHB Pedro Mata
|
0-0: Ball 1-0: Ground out 5-3 (Groundball, 5)
|
Batting: RHB William Richardson
|
0-0: Ground out 6-3 (Groundball, 6)
|
Bottom of the 1st over - 0 run(s), 0 hit(s), 0 error(s), 0 left on base; Santa Monica 0 - Las Vegas 0 |
TOP OF THE 2ND |
Santa Monica Bruins batting - Pitching for Las Vegas Stars : LHP Carlos Castillo
|
Batting: LHB Ken Phillips
|
0-0: Fly out, F9 (Flyball, 9LS)
|
Batting: RHB Jake Reeves
|
0-0: Ball 1-0: Swinging Strike 1-1: SINGLE (Line Drive, 56)
|
Batting: RHB Ernest Russell
|
0-0: Swinging Strike 0-1: Ball 1-1: Grounds into double play, 1-6-3 (Groundball, P)
|
Top of the 2nd over - 0 run(s), 1 hit(s), 0 error(s), 0 left on base; Santa Monica 0 - Las Vegas 0 |
BOTTOM OF THE 2ND |
Las Vegas Stars batting - Pitching for Santa Monica Bruins : RHP Craig Lewis
|
Batting: SHB Chris Bennis
|
0-0: Ball 1-0: Swinging Strike 1-1: Foul Ball, location: 2F 1-2: Strikes out swinging
|
Batting: LHB Robinson Fernández
|
0-0: Ball 1-0: Foul Ball, location: 2F 1-1: Swinging Strike 1-2: Ball 2-2: Strikes out looking
|
Batting: RHB José Pinto
|
0-0: Called Strike 0-1: SOLO HOME RUN (Flyball, 89XD), Distance : 412 ft
|
Batting: LHB Clint Parkinson
|
0-0: Foul Ball, location: 2F 0-1: Ball 1-1: Ball 2-1: Foul Ball, location: 2F 2-2: Strikes out looking
|
Bottom of the 2nd over - 1 run(s), 1 hit(s), 0 error(s), 0 left on base; Santa Monica 0 - Las Vegas 1 |
TOP OF THE 3RD |
Santa Monica Bruins batting - Pitching for Las Vegas Stars : LHP Carlos Castillo
|
Batting: RHB Griswold Coleman
|
0-0: Ball 1-0: Ball 2-0: Ball 3-0: Base on Balls
|
Batting: SHB Zach Franks
|
0-0: Ball 1-0: Foul Ball, location: 2F 1-1: Swinging Strike 1-2: Hit by Pitch Griswold Coleman to second
|
Batting: RHB Bonifacio Torres
|
0-0: Called Strike 0-1: Fly out, F9 (Flyball, 9D) Runner from 2nd tags up, SAFE at 3rd, no throw
|
Batting: LHB Francisco Medina
|
0-0: Called Strike 0-1: Called Strike 0-2: Ball 1-2: Foul Ball, location: 2F 1-2: Fly out, F4 (Line Drive, 34)
|
Batting: RHB Roberto Cruz
|
0-0: Ball 1-0: Foul Ball, location: 2F 1-1: Ball 2-1: Ball 3-1: Fly out, F8 (Flyball, 8LD)
|
Top of the 3rd over - 0 run(s), 0 hit(s), 0 error(s), 2 left on base; Santa Monica 0 - Las Vegas 1 |
BOTTOM OF THE 3RD |
Las Vegas Stars batting - Pitching for Santa Monica Bruins : RHP Craig Lewis
|
Batting: SHB Sloan James
|
0-0: Ball 1-0: Ball 2-0: Fly out, F8 (Flyball, 8RM)
|
Batting: LHB Nathan Frey
|
0-0: Ball 1-0: Foul Ball, location: 2F 1-1: Ball 2-1: Ball 3-1: Called Strike 3-2: Base on Balls
|
Batting: SHB Júlio Salazar
|
0-0: Ball 1-0: Ball 2-0: Foul Ball, location: 2F 2-1: Ball 3-1: Called Strike 3-2: DOUBLE (Flyball, 78XD) Nathan Frey to third
|
Batting: RHB Pedro Mata
|
0-0: Called Strike 0-1: Foul Ball, location: 2F 0-2: Foul Ball, location: 2F 0-2: Ball 1-2: Ball 2-2: Foul Ball, location: 2F 2-2: Strikes out looking
|
Batting: RHB William Richardson
|
0-0: Foul Ball, location: 2F 0-1: Ball 1-1: Fly out, F9 (Flyball, 9S)
|
Bottom of the 3rd over - 0 run(s), 1 hit(s), 0 error(s), 2 left on base; Santa Monica 0 - Las Vegas 1 |
TOP OF THE 4TH |
Santa Monica Bruins batting - Pitching for Las Vegas Stars : LHP Carlos Castillo
|
Batting: RHB Alfredo López
|
0-0: Ball 1-0: Foul Ball, location: 2F 1-1: Called Strike 1-2: Foul Ball, location: 2F 1-2: Ball 2-2: Ball 3-2: Foul Ball, location: 2F 3-2: Base on Balls
|
Batting: LHB Ken Phillips
|
0-0: Foul Ball, location: 2F 0-1: Ball 1-1: Foul Ball, location: 2F 1-2: Ball 2-2: Fly out, F9 (Line Drive, 9D)
|
Batting: RHB Jake Reeves
|
0-0: Called Strike 0-1: Called Strike 0-2: Strikes out swinging
|
Batting: RHB Ernest Russell
|
0-0: 2-RUN HOME RUN (Flyball, 78XD), Distance : 426 ft
|
Batting: RHB Griswold Coleman
|
0-0: Ball 1-0: Foul Ball, location: 2F 1-1: Ball 2-1: Called Strike 2-2: Ball 3-2: Foul Ball, location: 2F 3-2: SINGLE (Groundball, 4MD)
|
Batting: SHB Zach Franks
|
0-0: Called Strike 0-1: Foul Ball, location: 2F 0-2: Ball 1-2: SINGLE (Groundball, 4MD) Griswold Coleman to second
|
Batting: RHB Bonifacio Torres
|
0-0: Ball 1-0: Swinging Strike 1-1: SINGLE (Groundball, 6MD) Griswold Coleman to third Zach Franks to second Runner from 3rd tries for Home, SAFE, throw made home
|
Batting: LHB Francisco Medina
|
0-0: Called Strike 0-1: Called Strike 0-2: Ball 1-2: Foul Ball, location: 2F 1-2: SINGLE (Flyball, 8RM) Zach Franks to third Bonifacio Torres to second Runner from 3rd tries for Home, SAFE, no throw
|
Batting: RHB Roberto Cruz
|
0-0: Ball 1-0: Foul Ball, location: 2F 1-1: Ball 2-1: Foul Ball, location: 2F 2-2: Strikes out swinging
|
Top of the 4th over - 4 run(s), 5 hit(s), 0 error(s), 2 left on base; Santa Monica 4 - Las Vegas 1 |
BOTTOM OF THE 4TH |
Las Vegas Stars batting - Pitching for Santa Monica Bruins : RHP Craig Lewis
|
Batting: SHB Chris Bennis
|
0-0: Ball 1-0: Ball 2-0: Called Strike 2-1: Fly out, F8 (Flyball, 8LD)
|
Batting: LHB Robinson Fernández
|
0-0: Called Strike 0-1: Ball 1-1: Ball 2-1: SINGLE (Flyball, 89S)
|
Batting: RHB José Pinto
|
0-0: Foul Ball, location: 2F 0-1: Ground out 4-3 (Groundball, 4S) Robinson Fernández to second
|
Batting: LHB Clint Parkinson
|
0-0: Foul Ball, location: 2F 0-1: Swinging Strike 0-2: Ball 1-2: Ball 2-2: Strikes out swinging
|
Bottom of the 4th over - 0 run(s), 1 hit(s), 0 error(s), 1 left on base; Santa Monica 4 - Las Vegas 1 |
TOP OF THE 5TH |
Santa Monica Bruins batting - Pitching for Las Vegas Stars : LHP Carlos Castillo
|
Pitching: RHP Blake Koepke
|
|
Batting: RHB Alfredo López
|
0-0: Called Strike 0-1: Ball 1-1: Foul Ball, location: 2F 1-2: Ball 2-2: Strikes out swinging
|
Batting: LHB Ken Phillips
|
0-0: Ball 1-0: Swinging Strike 1-1: Ground out 3-1 (Groundball, 34)
|
Batting: RHB Jake Reeves
|
0-0: Called Strike 0-1: Called Strike 0-2: Ball 1-2: Fly out, F8 (Flyball, 8RD)
|
Top of the 5th over - 0 run(s), 0 hit(s), 0 error(s), 0 left on base; Santa Monica 4 - Las Vegas 1 |
BOTTOM OF THE 5TH |
Las Vegas Stars batting - Pitching for Santa Monica Bruins : RHP Craig Lewis
|
Batting: SHB Sloan James
|
0-0: Ball 1-0: Ball 2-0: Foul Ball, location: 2F 2-1: Called Strike 2-2: Strikes out swinging
|
Batting: LHB Nathan Frey
|
0-0: Ball 1-0: Called Strike 1-1: Foul Ball, location: 2F 1-2: Strikes out swinging
|
Batting: SHB Júlio Salazar
|
0-0: Called Strike 0-1: Ball 1-1: Foul Ball, location: 2F 1-2: Strikes out swinging
|
Bottom of the 5th over - 0 run(s), 0 hit(s), 0 error(s), 0 left on base; Santa Monica 4 - Las Vegas 1 |
TOP OF THE 6TH |
Santa Monica Bruins batting - Pitching for Las Vegas Stars : RHP Blake Koepke
|
Batting: RHB Ernest Russell
|
0-0: Ball 1-0: Called Strike 1-1: Foul Ball, location: 2F 1-2: Ball 2-2: Fly out, F8 (Flyball, 78D)
|
Batting: RHB Griswold Coleman
|
0-0: Ball 1-0: Foul Ball, location: 2F 1-1: Called Strike 1-2: Ground out 6-3 (Groundball, 6)
|
Batting: SHB Zach Franks
|
0-0: Called Strike 0-1: Swinging Strike 0-2: Foul Ball, location: 2F 0-2: Ball 1-2: Strikes out looking
|
Top of the 6th over - 0 run(s), 0 hit(s), 0 error(s), 0 left on base; Santa Monica 4 - Las Vegas 1 |
BOTTOM OF THE 6TH |
Las Vegas Stars batting - Pitching for Santa Monica Bruins : RHP Craig Lewis
|
Batting: RHB Pedro Mata
|
0-0: Ball 1-0: SINGLE (Groundball, 56) (infield hit)
|
Batting: RHB William Richardson
|
0-0: Ball 1-0: Called Strike 1-1: Ball 2-1: Fly out, F7 (Flyball, 7)
|
Batting: SHB Chris Bennis
|
0-0: Ball 1-0: Called Strike 1-1: Ball 2-1: Foul Ball, location: 2F 2-2: Foul Ball, location: 2F 2-2: Strikes out swinging
|
Batting: LHB Robinson Fernández
|
0-0: Called Strike 0-1: Foul Ball, location: 2F 0-2: Foul Ball, location: 2F 0-2: Ball 1-2: Foul Ball, location: 2F 1-2: Strikes out swinging
|
Bottom of the 6th over - 0 run(s), 1 hit(s), 0 error(s), 1 left on base; Santa Monica 4 - Las Vegas 1 |
TOP OF THE 7TH |
Santa Monica Bruins batting - Pitching for Las Vegas Stars : RHP Blake Koepke
|
Batting: RHB Bonifacio Torres
|
0-0: Swinging Strike 0-1: Ball 1-1: Ball 2-1: Ball 3-1: Ground out 4-3 (Groundball, 4S)
|
Batting: LHB Francisco Medina
|
0-0: Ball 1-0: Ball 2-0: Ball 3-0: Called Strike 3-1: Ground out 1-3 (Groundball, 13)
|
Batting: RHB Roberto Cruz
|
0-0: Ground out 4-3 (Groundball, 4)
|
Top of the 7th over - 0 run(s), 0 hit(s), 0 error(s), 0 left on base; Santa Monica 4 - Las Vegas 1 |
BOTTOM OF THE 7TH |
Las Vegas Stars batting - Pitching for Santa Monica Bruins : RHP Craig Lewis
|
Pitching: LHP Don Sutherland
|
|
Batting: RHB José Pinto
|
0-0: Foul Ball, location: 2F 0-1: Called Strike 0-2: Strikes out swinging
|
Batting: LHB Clint Parkinson
|
0-0: Foul Ball, location: 2F 0-1: SINGLE (Flyball, 7LS)
|
Batting: SHB Sloan James
|
0-0: Called Strike 0-1: Fly out, F7 (Flyball, 7D)
|
Batting: LHB Nathan Frey
|
0-0: Hit by Pitch Clint Parkinson to second
|
Batting: SHB Júlio Salazar
|
0-0: Called Strike 0-1: Ball 1-1: Ball 2-1: Fly out, F8 (Flyball, 8RM)
|
Bottom of the 7th over - 0 run(s), 1 hit(s), 0 error(s), 2 left on base; Santa Monica 4 - Las Vegas 1 |
TOP OF THE 8TH |
Santa Monica Bruins batting - Pitching for Las Vegas Stars : RHP Blake Koepke
|
Batting: RHB Alfredo López
|
0-0: Ball 1-0: Ball 2-0: Called Strike 2-1: Foul Ball, location: 2F 2-2: Foul Ball, location: 2F 2-2: Strikes out looking
|
Batting: LHB Ken Phillips
|
0-0: Ball 1-0: Ball 2-0: Ball 3-0: Called Strike 3-1: Base on Balls
|
Batting: RHB Jake Reeves
|
0-0: Ground out 6-3 (Groundball, 6MD) Ken Phillips to second
|
Pitching: RHP Pepe Vázquez
|
|
Batting: RHB Ernest Russell
|
0-0: Ball 1-0: Ball 2-0: Ground out 5-3 (Groundball, 5)
|
Top of the 8th over - 0 run(s), 0 hit(s), 0 error(s), 1 left on base; Santa Monica 4 - Las Vegas 1 |
BOTTOM OF THE 8TH |
Las Vegas Stars batting - Pitching for Santa Monica Bruins : LHP Don Sutherland
|
Batting: RHB Pedro Mata
|
0-0: Ball 1-0: Ball 2-0: Fly out, F7 (Flyball, 7LMF)
|
Batting: RHB William Richardson
|
0-0: Ball 1-0: Called Strike 1-1: Foul Ball, location: 2F 1-2: Foul Ball, location: 2F 1-2: Ball 2-2: Foul Ball, location: 2F 2-2: Foul Ball, location: 2F 2-2: Foul Ball, location: 2F 2-2: Ball 3-2: SINGLE (Flyball, 8RS)
|
Batting: SHB Chris Bennis
|
0-0: Grounds into double play, 4-6-3 (Groundball, 4)
|
Bottom of the 8th over - 0 run(s), 1 hit(s), 0 error(s), 0 left on base; Santa Monica 4 - Las Vegas 1 |
TOP OF THE 9TH |
Santa Monica Bruins batting - Pitching for Las Vegas Stars : RHP Pepe Vázquez
|
Batting: RHB Griswold Coleman
|
0-0: Ball 1-0: Called Strike 1-1: Fly out, F8 (Flyball, 8LM)
|
Batting: SHB Zach Franks
|
0-0: Ball 1-0: Called Strike 1-1: Foul Ball, location: 2F 1-2: Hit by Pitch
|
Pinch Runner at 1st Marty Hendrickson:
|
|
Batting: RHB Bonifacio Torres
|
0-0: Ball 1-0: Swinging Strike 1-1: Called Strike 1-2: Strikes out swinging
|
Batting: LHB Francisco Medina
|
0-0: Ball 1-0: SINGLE (Groundball, 4MD) Marty Hendrickson to second Runner from 2nd tries for 3rd, OUT!
|
Top of the 9th over - 0 run(s), 1 hit(s), 0 error(s), 1 left on base; Santa Monica 4 - Las Vegas 1 |
BOTTOM OF THE 9TH |
Las Vegas Stars batting - Pitching for Santa Monica Bruins : LHP Don Sutherland
|
Pitching: RHP Keith Harper
|
|
Now in RF: Marty Hendrickson
|
|
Batting: LHB Robinson Fernández
|
0-0: Ground out 3-1 (Groundball, 23)
|
Batting: RHB José Pinto
|
0-0: Ball 1-0: Called Strike 1-1: Called Strike 1-2: Foul Ball, location: 2F 1-2: Ball 2-2: Strikes out swinging
|
Batting: LHB Clint Parkinson
|
0-0: Ball 1-0: Foul Ball, location: 2F 1-1: Ball 2-1: Swinging Strike 2-2: Foul Ball, location: 2F 2-2: Ball 3-2: Foul Ball, location: 2F 3-2: Foul Ball, location: 2F 3-2: Strikes out swinging
|
Bottom of the 9th over - 0 run(s), 0 hit(s), 0 error(s), 0 left on base; Santa Monica 4 - Las Vegas 1 |
|